Map: Defender's Landing LE

Players

Multi - Winner!

  • Race: Protoss Protoss
  • Spawn Location: 7:00

PappiJoe

  • Race: Protoss Protoss
  • Spawn Location: 1:00

Event: WCS Jonkoping 2017

VOD

Have the link to the VOD?

Description

Time

  • Played on: June 17, 2017, 8:10 a.m.
  • Length: 8:59

All games in this series

Show
View Real Time Build Order
Export as new Build Order

Multi Protoss - Winner!

Build Orders: Oracle Opening 

Get SALT Encoding   

  12  0:00  Probe (Chrono Boost)  
  13  0:11  Probe (Chrono Boost)  
  14  0:20  Pylon  
  14  0:22  Probe (Chrono Boost)  
  15  0:38  Probe (Chrono Boost), Gateway  
  16  0:44  Assimilator  
  16  0:48  Probe (Chrono Boost)  
  17  0:52  Assimilator  
  17  0:59  Probe (Chrono Boost)  
  18  1:06  Gateway  
  18  1:10  Probe (Chrono Boost)  
  19  1:20  Probe (Chrono Boost)  
  19  1:25  Cybernetics Core  
  20  1:31  Probe (Chrono Boost)  
  21  1:37  Pylon  
  21  1:42  Probe (Chrono Boost)  
  22  1:53  Probe (Chrono Boost)  
  25  2:01  Adept x2  
  25  2:02  Warp Gate (Chrono Boost)  
  27  2:10  Stargate  
  27  2:28  Adept x2  
  31  2:33  Pylon  
  31  2:51  Probe  
  31  2:55  Oracle (Chrono Boost)  
  35  3:16  Nexus  
  35  3:19  Pylon  
  38  3:31  Mothership Core  
  37  3:44  Robotics Facility  
  37  3:52  Probe  
  38  4:04  Probe  
  38  4:06  Twilight Council  
  39  4:16  Probe  
  40  4:28  Probe  
  40  4:29  Probe  
  42  4:39  Probe, Immortal (Chrono Boost)  
  42  4:40  Probe  
  42  4:42  Blink  
  48  4:56  Probe  
  48  4:59  Probe  
  50  5:08  Probe  
  50  5:09  Probe  
  50  5:14  Immortal (Chrono Boost)  
  56  5:18  Stalker x2  
  56  5:20  Probe  
  61  5:21  Pylon  
  61  5:24  Probe  
  62  5:34  Assimilator  
  62  5:35  Gateway, Assimilator  
  62  5:39  Probe  
  62  5:40  Phoenix (Chrono Boost)  
  62  5:42  Probe  
  65  5:45  Sentry  
  68  5:51  Pylon  
  68  5:53  Pylon, Probe  
  68  5:57  Probe  
  70  6:09  Probe, Immortal (Chrono Boost)  
  75  6:12  Pylon  
  75  6:15  Gateway  
  75  6:18  Gateway  
  75  6:24  Gateway  
  75  6:30  Probe  
  75  6:31  Probe  
  77  6:41  Probe, Stalker x2  
  77  6:44  Probe  
  83  6:48  Warp Prism (Chrono Boost)  
  85  6:58  Pylon  
  85  7:02  Pylon x2, Sentry  
  85  7:08  Sentry, Stalker  
  91  7:22  Gateway  
  91  7:24  Gateway  
  87  7:39  Stalker x2  
  87  7:40  Stalker x3  
  87  7:42  Stalker  
  99  8:03  Stalker x3  
  99  8:04  Stalker x2  
  92  8:23  Stalker  
  78  8:27  Stalker x2  
  78  8:28  Stalker x2  
  76  8:41  Stalker x3  
  74  8:53  Adept x5  
Show
View Real Time Build Order
Export as new Build Order

PappiJoe Protoss 

Build Orders:  

Get SALT Encoding   

  12  0:01  Probe (Chrono Boost)  
  13  0:11  Probe (Chrono Boost)  
  14  0:17  Pylon  
  14  0:22  Probe (Chrono Boost)  
  16  0:35  Probe (Chrono Boost)  
  16  0:37  Gateway  
  16  0:43  Assimilator  
  16  0:46  Probe (Chrono Boost)  
  18  0:57  Probe (Chrono Boost)  
  18  1:01  Gateway  
  18  1:07  Probe (Chrono Boost)  
  18  1:10  Assimilator  
  19  1:18  Probe (Chrono Boost)  
  20  1:27  Cybernetics Core  
  20  1:29  Probe (Chrono Boost)  
  21  1:39  Probe (Chrono Boost)  
  22  1:50  Pylon, Probe (Chrono Boost)  
  23  2:04  Warp Gate (Chrono Boost)  
  23  2:08  Mothership Core (Chrono Boost), Adept  
  27  2:12  Pylon  
  27  2:25  Stalker  
  29  2:38  Nexus  
  29  2:41  Sentry  
  31  2:53  Pylon  
  31  2:57  Probe  
  32  2:58  Robotics Facility  
  32  3:09  Probe (Chrono Boost)  
  33  3:21  Probe (Chrono Boost)  
  33  3:22  Pylon  
  34  3:27  Forge  
  34  3:31  Probe (Chrono Boost)  
  35  3:42  Probe  
  36  3:49  Pylon  
  36  3:50  Warp Prism  
  36  3:54  Probe  
  37  3:59  Probe  
  36  4:09  Pylon  
  37  4:12  Stalker x2  
  37  4:15  Protoss Ground Weapons Level 1 (Chrono Boost)  
  39  4:23  Pylon  
  39  4:25  Observer  
  39  4:26  Probe  
  42  4:31  Probe  
  41  4:38  Probe, Stalker  
  41  4:43  Probe  
  45  4:47  Stalker  
  45  4:51  Probe  
  46  4:58  Probe  
  45  5:03  Probe  
  43  5:10  Probe  
  43  5:13  Stalker  
  43  5:14  Stalker  
  47  5:26  Probe x2  
  48  5:32  Twilight Council  
  48  5:38  Probe x2  
  50  5:49  Pylon  
  50  5:53  Probe x2  
  52  6:02  Immortal  
  52  6:05  Probe x2  
  52  6:10  Resonating Glaives  
  58  6:16  Protoss Ground Weapons Level 2 (Chrono Boost)  
  58  6:22  Probe x2  
  58  6:23  Pylon  
  60  6:32  Gateway  
  60  6:34  Probe  
  60  6:36  Probe  
  61  6:46  Gateway  
  61  6:52  Gateway  
  61  6:53  Gateway  
  61  6:54  Gateway  
  61  7:02  Gateway  
  61  7:09  Pylon  
  61  7:11  Sentry x2  
  61  7:12  Pylon  
  65  7:27  Pylon  
  64  7:37  Sentry  
  64  7:38  Sentry, Adept  
  70  7:45  Adept  
  72  7:56  Adept x2  
  76  7:59  Adept  
  76  8:01  Pylon  
  65  8:20  Adept x4  
  65  8:24  Adept  
  61  8:31  Adept  
  61  8:33  Pylon  
  55  8:35  Adept  
  55  8:40  Adept x2  
  55  8:41  Adept  
  45  8:51  Adept x2  
Tags
 
Add a new tag
Caveats
  • Supply blocks, unpowered buildings, or Contaminate may cause inaccurate times.
  • Supply counts are checked every 10 seconds.